 Dungeon Crawl Stone Soup version 0.25.1-2-g60ff931df9 (webtiles) character file.

Game seed: 11256843937208409501

11230 Ivernyr the Frost Mage (level 11, -1/47 HPs)
             Began as a Vine Stalker Ice Elementalist on Oct 16, 2020.
             Was an Initiate of Sif Muna.
             Killed from afar by Jorgrun (38 damage)
             ... with a blast of rock fragments
             ... on level 12 of the Dungeon.
             The game lasted 00:34:32 (10652 turns).

Ivernyr the Frost Mage (VSIE)                      Turns: 10652, Time: 00:34:32

Health: -1/47      AC:  6    Str: 11    XL:     11   Next: 74%
Magic:  0/25       EV: 22    Int: 18    God:    Sif Muna [......]
Gold:   748        SH:  0    Dex: 19    Spells: 7/28 levels left

rFire    + . .     SeeInvis .   i - +2 trident (freeze)
rCold    . . .     Gourm    .   (no shield)
rNeg     . . .     Faith    .   a - +0 robe
rPois    .         Spirit   +   (no helmet)
rElec    +         Reflect  .   y - +0 cloak {Stlth+}
rCorr    .         Harm     .   (no gloves)
MR       ++...                  t - +2 pair of boots
Stlth    ++........             E - amulet of magic regeneration
HPRegen  0.55/turn              Q - ring of protection from magic
MPRegen  0.44/turn              F - ring "Jaemopte" {rElec rF+ EV+4 Dex+4 Slay+3}

@: frozen ramparts
A: fangs 3, regeneration 1, magic shield, antimagic bite, no potion heal 3, rot
immunity
a: Renounce Religion


You were on level 12 of the Dungeon.
You worshipped Sif Muna.
Sif Muna was noncommittal.
You were hungry.

You visited 2 branches of the dungeon, and saw 13 of its levels.

You collected 748 gold pieces.

Inventory:

Hand Weapons
 i - a +2 trident of freezing (weapon)
Missiles
 b - 93 poisoned darts (quivered)
Armour
 a - a +0 robe (worn)
 t - a +2 pair of boots (worn)
 y - a +0 cloak of stealth (worn)
Jewellery
 j - an uncursed ring of flight
 v - an uncursed ring of protection from cold
 w - an uncursed ring of magical power
 D - an uncursed ring of fire
 E - an amulet of magic regeneration (around neck)
 F - the ring "Jaemopte" (right hand) {rElec rF+ EV+4 Dex+4 Slay+3}
   (You found it on level 5 of the Dungeon)

   [ring of evasion]

   It affects your evasion (+4).
   It affects your dexterity (+4).
   It affects your accuracy and damage with ranged weapons and melee attacks
   (+3).
   It protects you from fire.
   It insulates you from electricity.
 I - an uncursed ring of resist corrosion
 Q - a ring of protection from magic (left hand)
Wands
 p - a wand of random effects (42)
 A - a wand of disintegration (19)
 J - a wand of iceblast (15)
 P - a wand of flame (23)
 U - a wand of digging (3)
 W - a wand of paralysis (12)
Scrolls
 d - 3 scrolls of fog
 f - 3 scrolls of immolation
 g - 3 scrolls of blinking {unknown}
 k - a scroll of amnesia {unknown}
 l - 4 scrolls of identify
 m - 5 scrolls of remove curse
 n - 7 scrolls of teleportation
 r - 2 scrolls of noise {unknown}
 x - 4 scrolls of enchant weapon
 z - a scroll of random uselessness {unknown}
 B - 2 scrolls of magic mapping {unknown}
 H - a scroll of enchant armour {unknown}
 N - a scroll of vulnerability {unknown}
 O - a scroll of silence {unknown}
 R - 2 scrolls of acquirement {unknown}
 S - a scroll of brand weapon {unknown}
Potions
 e - 8 potions of curing
 h - a potion of berserk rage {unknown}
 o - 3 potions of brilliance {unknown}
 q - a potion of resistance {unknown}
 s - 2 potions of magic {unknown}
 u - a potion of haste
 C - 4 potions of heal wounds {unknown}
 G - a potion of degeneration {unknown}
 T - a potion of ambrosia {unknown}
 V - a potion of lignification {unknown}
Comestibles
 c - 26 rations


   Skills:
 + Level 7.6 Dodging
 - Level 2.4 Stealth
 + Level 9.2 Spellcasting
 + Level 1.3 Conjurations
 + Level 12.8 Ice Magic
 + Level 1.3 Invocations
 - Level 3.5 Evocations


You had 7 spell levels left.
You knew the following spells:

 Your Spells              Type           Power        Failure   Level  Hunger
a - Freeze                Ice            ####         1%          1    None
b - Frozen Ramparts       Ice            ######       1%          3    None
c - Ozocubu's Armour      Chrm/Ice       ####....     1%          3    None
d - Hailstorm             Conj/Ice       ####....     4%          4    ###....
e - Summon Ice Beast      Ice/Summ       ####....     6%          4    ###....
f - Foxfire               Conj/Fire      ##..         7%          1    None
g - Metabolic Englaciati  Hex/Ice        ####......   17%         5    #####..

Your spell library contained the following spells:

 Spells                   Type           Power        Failure   Level  Hunger
 Conjure Flame            Conj/Fire      ##......     21%         3    None
 Confusing Touch          Hex            #.......     26%         3    None
 Gell's Gravitas          Tloc           #.........   26%         3    None
 Inner Flame              Hex/Fire       #.......     26%         3    None
 Sticky Flame             Conj/Fire      ##......     54%         4    ###....
 Petrify                  Tmut/Erth      #.......     65%         4    ###....
 Fireball                 Conj/Fire      ##........   88%         5    #####..
 Yara's Violent Unravell  Hex/Tmut       #.........   94%         5    #####..


Dungeon Overview and Level Annotations

Branches:
Dungeon (12/15)            Temple (1/1) D:7            Lair (0/6) D:8
    Orc (0/2) D:12

Altars:
Ashenzari
Cheibriados
Dithmenos
Elyvilon
Fedhas
Gozag
Hepliaklqana
Kikubaaqudgha
Makhleb
Nemelex Xobeh
Okawaru
Qazlal
Ru
Sif Muna
Trog
Uskayaw
Vehumet
Wu Jian
Xom
Yredelemnul
Zin
The Shining One

Portals:
Trove: D:11 (give 14 scrolls of teleportation)

Annotations:
D:12 Jorgrun


Innate Abilities, Weirdness & Mutations

You have razor-sharp teeth.
Your natural rate of healing is unusually fast.
When hurt, damage is shared between your health and your magic reserves.
Your bite disrupts and absorbs the magic of your enemies.
Potions cannot restore your health.
You are immune to rotting.


Message History

Jorgrun Earthshaker comes into view.
He is wielding a +0 vorpal quarterstaff.
Jorgrun shouts!
Jorgrun points at you and mumbles some strange words.
You resist with almost no effort. Jorgrun casts a spell at you.
Roots burst forth from the earth!
The grasping roots grab you! The grasping roots constrict you!
You escape the roots' grasp.
Casting: Frozen Ramparts (safe; 1% risk of failure)
Confirm with . or Enter, or press ? or * to list all spells.
The walls around you are covered in ice.
The centaur warrior skeleton resists.
The wall freezes the centaur warrior skeleton.
The centaur warrior skeleton barely misses you.
The wall freezes Jorgrun.
Jorgrun gestures at you while chanting.
The wall shatters!
The blast of rock fragments hits you!!!
Ouch! That really hurt!
You die...

#.# #.#
##.#####
#......#
#>####.#
### #.# #.#
########.#
#..g..@..#
....####Z.#
# #..# ...#
##..# #..#
#.## #.#
#..


You could see Jorgrun and a centaur warrior skeleton.

Vanquished Creatures
  Josephine (D:10)
  Harold (D:8)
  A two-headed ogre (D:8)
  An unseen horror (D:10)
  Maurice (D:10)
  Psyche (D:8)
  A troll (D:11)
  A hornet (D:10)
  2 hippogriffs
  A wyvern (D:10)
  A spriggan (D:7)
  Sigmund (D:4)
  6 wraiths
  7 yaks (D:9)
  A hungry ghost (D:9)
  3 wargs (D:8)
  Menkaure (D:4)
  Duvessa (D:4)
  2 orc warriors
  A black bear (D:7)
  3 phantoms
  2 ice beasts
  3 sky beasts
  5 ogres
  2 centaurs
  A big kobold (D:6)
  4 bullfrogs
  A gnoll sergeant (D:7)
  A water moccasin zombie (D:8)
  4 scorpions
  A wyvern skeleton (D:9)
  2 water moccasin skeletons
  Dowan (D:4)
  5 killer bees (D:10)
  A howler monkey (D:7)
  A quasit (D:8)
  A bullfrog zombie (D:6)
  2 crimson imps
  4 hounds
  6 orc priests
  An iguana (D:7)
  Natasha (thrice) (D:2)
  12 orc wizards
  8 worker ants
  A hound zombie (D:5)
  9 gnolls
  2 worker ant zombies
  11 adders
  A howler monkey skeleton (D:5)
  A river rat (D:3)
  2 shadow imps (D:8)
  2 adder skeletons
  3 worms (D:3)
  5 leopard geckos
  29 orcs
  6 bats
  4 giant cockroaches
  7 goblins
  11 hobgoblins
  13 jackals
  3 quokkas
  8 frilled lizards
  2 jackal zombies (D:6)
  26 kobolds
  A leopard gecko zombie (D:6)
  12 rats
268 creatures vanquished.

Notes
Turn   | Place    | Note
-------+----------+-------------------------------------------
     0 | D:1      | Ivernyr the Vine Stalker Ice Elementalist began the quest
                  | for the Orb.
     0 | D:1      | Reached XP level 1. HP: 9/9 MP: 4/4
   268 | D:1      | Reached XP level 2. HP: 11/13 MP: 4/6
  1213 | D:1      | Reached XP level 3. HP: 14/16 MP: 2/7
  1334 | D:1      | Learned a level 3 spell: Frozen Ramparts
  1338 | D:1      | Learned a level 3 spell: Ozocubu's Armour
  2008 | D:2      | Noticed Natasha
  2014 | D:2      | Killed Natasha
  2014 | D:2      | Gained mutation: Your natural rate of healing is unusually
                  | fast. [Vine Stalker growth]
  2014 | D:2      | Reached XP level 4. HP: 21/21 MP: 4/9
  2021 | D:2      | Noticed Natasha
  2028 | D:2      | Killed Natasha
  2028 | D:2      | Reached skill level 5 in Ice Magic
  2176 | D:2      | Noticed Natasha
  2185 | D:2      | Killed Natasha
  2185 | D:2      | Reached XP level 5. HP: 12/24 MP: 0/10
  3405 | D:3      | Reached XP level 6. HP: 26/28 MP: 12/12
  3827 | D:4      | Noticed Duvessa
  3827 | D:4      | Noticed Dowan
  3832 | D:4      | Killed Dowan
  3832 | D:4      | Reached skill level 6 in Ice Magic
  3845 | D:4      | Killed Duvessa
  3883 | D:4      | Reached XP level 7. HP: 28/32 MP: 14/14
  4059 | D:4      | Noticed Menkaure
  4066 | D:4      | Killed Menkaure
  4066 | D:4      | Reached skill level 7 in Ice Magic
  4269 | D:4      | Noticed Sigmund
  4286 | D:4      | Killed Sigmund
  4286 | D:4      | Gained mutation: You have razor-sharp teeth. [Vine Stalker
                  | growth]
  4286 | D:4      | Reached XP level 8. HP: 31/36 MP: 16/16
  4595 | D:4      | Found a glowing golden altar of the Shining One.
  4610 | D:4      | Reached skill level 5 in Spellcasting
  4736 | D:5      | Entered Level 5 of the Dungeon
  4828 | D:5      | Reached skill level 8 in Ice Magic
  5072 | D:5      | You fall into a shaft and drop 1 floor!
  5157 | D:5      | Found an ornate altar of the Wu Jian Council.
  5307 | D:5      | Got a heavily runed tin ring
  5343 | D:5      | Identified the ring "Jaemopte" {rElec rF+ EV+4 Dex+4
                  | Slay+3} (You found it on level 5 of the Dungeon)
  5801 | D:6      | Reached XP level 9. HP: 34/39 MP: 18/18
  5901 | D:6      | Reached skill level 9 in Ice Magic
  5914 | D:6      | Reached skill level 5 in Dodging
  5971 | D:6      | Found a stormy altar of Qazlal.
  6683 | D:7      | Found a staircase to the Ecumenical Temple.
  6733 | Temple   | Entered the Ecumenical Temple
  6994 | D:7      | Found a sacrificial altar of Ru.
  7350 | D:7      | Reached skill level 10 in Ice Magic
  7523 | D:8      | Noticed a two-headed ogre
  7531 | D:8      | Killed a two-headed ogre
  7531 | D:8      | Reached XP level 10. HP: 37/44 MP: 21/21
  7546 | D:8      | Noticed Harold
  7549 | D:8      | Found a staircase to the Lair.
  7559 | D:8      | Killed Harold
  7559 | D:8      | Reached skill level 11 in Ice Magic
  7674 | D:8      | Noticed Psyche
  7681 | D:8      | Killed Psyche
  8099 | D:8      | Found a faded altar of an unknown god.
  8099 | D:8      | Found a hide-covered altar of Uskayaw.
  8104 | D:8      | Found a faded altar of an unknown god.
  8106 | D:8      | Found a shimmering blue altar of Sif Muna.
  8108 | D:8      | Found a shadowy altar of Dithmenos.
  8566 | D:9      | Reached skill level 1 in Evocations
  8699 | D:9      | Reached XP level 11. HP: 47/47 MP: 24/24
  8701 | D:9      | Reached skill level 12 in Ice Magic
  9063 | D:10     | Entered Level 10 of the Dungeon
  9077 | D:10     | Noticed Josephine
  9086 | D:10     | Noticed Maurice
  9086 | D:10     | Killed Josephine
  9103 | D:10     | Killed Maurice
  9227 | D:10     | Killed an unseen horror
  9310 | D:10     | Learned a level 4 spell: Hailstorm
  9315 | D:10     | Learned a level 4 spell: Summon Ice Beast
  9317 | D:10     | Learned a level 1 spell: Foxfire
  9323 | D:10     | Learned a level 5 spell: Metabolic Englaciation
  9546 | D:8      | Became a worshipper of Sif Muna the Loreminder
 10011 | D:11     | Found a portal to a secret trove of treasure.
 10129 | D:11     | Reached skill level 1 in Conjurations
 10174 | D:11     | Got an ichor-stained chain mail
 10185 | D:11     | Identified the cursed +0 chain mail of the Onion {rElec
                  | Str+6} (You found it on level 11 of the Dungeon)
 10297 | D:11     | Reached skill level 1 in Invocations
 10620 | D:12     | Found a staircase to the Orcish Mines.
 10648 | D:12     | Noticed Jorgrun
 10652 | D:12     | Killed from afar by Jorgrun

Illustrated notes

Levels and vault maps discovered:
D:1:      dpeg_arrival_signposts, layout_basic
D:2:      layout_basic, first_ration, kennysheep_cross_room, solitary_fountain,
          uniq_natasha
D:3:      kennysheep_six_static_rooms, layout_basic, gup_sewer_entry_spiral
D:4:      cheibrodos_quashed, layout_basic, nicolae_tso_carved_into_rock,
          st_stairs_10, uniq_sigmund, uniq_duvessa, uniq_menkaure
D:5:      layout_basic, overflow_temple_1_default
D:6:      kennysheep_kobold_camp, layout_loops_cross,
          nicolae_overflow_crystal_walls, chequers_serial_rivers_micro_c
D:7:      layout_loops_ring, nicolae_ru_awakened_eye, temple_doors_ab,
          the_bakery
D:8:      layout_loops_cross, chequers_temple_overflow_minitemple,
          erik_lair_orcish_takeover, kennysheep_nub, uniq_harold, uniq_psyche
D:9:      layout_irregular_city
D:10:     layout_rooms, uniq_maurice, uniq_josephine
D:11:     layout_stronghold, enter_trove_3
D:12:     layout_loops_ring, orc_0_dummy, minmay_misc_feat_enclosed,
          uniq_jorgrun
Temple:   regret_index_temple_generic_petals

Skill      XL: |  1  2  3  4  5  6  7  8  9 10 11 |
---------------+----------------------------------+-----
Dodging        | 2 3 4 6 7 |  7.6
Ice Magic      | 5 6 7 8 10 11 12 | 12.8
Spellcasting   | 3 4 5 7 8 9 |  9.2
Evocations     | 1 3 |  3.5
Conjurations   | 1 |  1.3
Invocations    | 1 |  1.3
Stealth        | |  2.4

Action                   |  1- 3 |  4- 6 |  7- 9 | 10-12 || total
-------------------------+-------+-------+-------+-------++-------
Melee: Unarmed           |    17 |       |       |       ||    17
       Whip              |    52 |   103 |   223 |       ||   378
       Bite              |    16 |    26 |    70 |    68 ||   180
       Trident           |       |       |    22 |   205 ||   227
Throw: Dart              |       |     3 |       |       ||     3
 Cast: Freeze            |    15 |    61 |    18 |     2 ||    96
       Frozen Ramparts   |       |     2 |    22 |    21 ||    45
       Ozocubu's Armour  |       |       |     2 |     1 ||     3
  Use: Scroll            |       |       |       |     8 ||     8
 Stab: Sleeping          |       |     4 |     4 |     4 ||    12
  Eat: Chunk             |     3 |     7 |    13 |     8 ||    31
       Ration            |       |       |       |     1 ||     1
Armor: Robe              |    12 |    24 |    57 |    39 ||   132
Dodge: Dodged            |    49 |   124 |   239 |   250 ||   662
